 Dungeon Crawl Stone Soup version 0.31-a0-152-g6aa68a64a1 (webtiles) character file.

Game seed: 6266741101912167456

179 jasper the Conjurer (level 5, -7/42 HPs)
             Began as a Deep Elf Conjurer on June 10, 2023.
             Engulfed by an orc wizard's steam (10 damage)
             ... on level 4 of the Dungeon.
             The game lasted 00:05:43 (3922 turns).

jasper the Conjurer (Deep Elf Conjurer)             Turns: 3922, Time: 00:05:44

Health: -7/42      AC: 22    Str:  4    XL:     5   Next: 32%
Magic:  7/11       EV:  2    Int: 25    God:
Gold:   221        SH:  0    Dex: 13    Spells: 1/10 levels left

rFire   . . .        f - +1 spear
rCold   . . .        (no shield)
rNeg    . . .        a - melded +0 robe
rPois   +            (helmet currently unavailable)
rElec   .            (cloak currently unavailable)
rCorr   .            (gloves currently unavailable)
SInv    .            (boots currently unavailable)
Will    .....        (no amulet)
Stlth   ++           o - ring of wizardry
HPRegen 0.27/turn    (no ring)
MPRegen 0.12/turn

%: wizardry (x1)
@: tree-form, very slow
A: stationary, stasis, torment immunity, boosted hp
a: no special abilities


You were on level 4 of the Dungeon.
You were a tree.
You visited 1 branch of the dungeon, and saw 4 of its levels.

You collected 221 gold pieces.

Inventory:

Hand Weapons
 f - a +1 spear (weapon)
 m - a +2 whip of pain
 q - a +1 dagger of holy wrath
Armour
 a - a +0 robe (melded)
 k - a +0 tower shield
 s - a +1 ring mail of fire resistance
Magical Staves
 l - a staff of death
Jewellery
 o - a ring of wizardry (left branch)
 p - a ring of fire
Wands
 c - a wand of digging (5)
Scrolls
 d - a scroll of silence
 t - a scroll of identify
Potions
 b - a potion of magic
 e - a potion of brilliance
 g - a potion of invisibility
 h - 4 potions of enlightenment
 i - a potion of mutation {unknown}
 j - 2 potions of lignification
 n - a potion of cancellation {unknown}
 r - 3 potions of curing {unknown}


   Skills:
 - Level 2.4 Dodging
 - Level 2.4 Stealth
 - Level 3.0 Spellcasting
 + Level 6.6 Conjurations
 + Level 2.7 Earth Magic


You had one spell level left.
You knew the following spells:

 Your Spells              Type           Power      Damage    Failure   Level
b - Searing Ray           Conj           74%        2d7       1%          2
c - Stone Arrow           Conj/Erth      54%        3d10      1%          3
d - Fulminant Prism       Conj/Hex       10%        3d9       11%         4

Your spell library contained the following spells:

 Spells                   Type           Power      Damage    Failure   Level
 Magic Dart               Conj           100%       1d8       1%          1
 Dazzling Flash           Conj/Hex       40%        N/A       3%          3
 Iskenderun's Mystic Bla  Conj/Tloc      20%        2d6       11%         4
 Inner Flame              Hex/Fire       3%         N/A       12%         3
 Animate Armour           Summ/Erth      20%        N/A       22%         4
 Yara's Violent Unravell  Hex/Tmut       1%         3d3       69%         5
 Enfeeble                 Hex            1%         N/A       100%        7
 Lehudib's Crystal Spear  Conj/Erth      13%        10d5      100%        8


Dungeon Overview and Level Annotations

Branches:
Dungeon (4/15)
 Temple: D:4-7

Altars:

Annotations:
D:2 1 runed translucent door, Crazy Yiuf


Message History

The worm is almost dead.
You now have 5/11 mp.
The searing ray hits the worm!
You kill the worm!
You finish channelling your searing ray.
You now have 4/11 mp.
r - 3 smoky amethyst potions (gained 1)
You enter the shallow water.
Moving in this stuff is going to be slow.
An orc wizard comes into view. It is wielding a +0 dagger.
MP restored: 11 An orc wizard is nearby!
An orc wizard comes into view. It is wielding a +0 dagger.
The orc wizard shouts!
Casting: Searing Ray (safe; 1% risk of failure)
Confirm with . or Enter, or press ? or * to list all spells.
Aiming: Searing Ray (safe; 1% risk of failure)
Press: ? - help, Shift-Dir - straight line, f - orc wizard
Aim: an orc wizard, wielding a +0 dagger and wearing a +0 robe (76% to hit)
The searing ray misses the orc wizard. (Press . to maintain the ray.)
An orc wizard comes into view. It is wielding a +0 dagger.
The orc wizard gestures at you while chanting.
The puff of flame hits you!
You take 8 damage, and have 20/28 hp.
MASSIVE DAMAGE!!
You now have 9/11 mp.
You are engulfed in a cloud of scalding steam.
You take 8 damage, and have 12/28 hp.
MASSIVE DAMAGE!!
You now have 8/11 mp.
The searing ray misses the orc wizard.
You are engulfed in a cloud of scalding steam.
* * * LOW HITPOINT WARNING * * *
The orc wizard shouts!
The plant is engulfed in a cloud of scalding steam.
The plant begins to die.
You take 10 damage, and have 2/28 hp.
MASSIVE DAMAGE!!
You now have 7/11 mp.
Okay, then.
Okay, then.
It was a potion of lignification.
You turn into a tree.
Your +0 robe melds into your body.
Your roots penetrate the ground.
You are engulfed in a cloud of scalding steam.
You die...

###~~~~~~♣~~PPP~#.## #..~≈~~~...
#~PP~~~♣PPP~#.##.# #...P~~~.#.
#PP~≈≈~♣P.###.##.# #..~~≈)P.#
#P~~≈♣♣PPP~ #....#####..~~≈~~.#
..P~~♣♣♣PP.##..#........PP≈~~...
#.P.P~♣♣~~PPP#.###.####..~~≈≈~...
#....PP ♣~.P~P...# ##.~~≈≈~P.#
♣≈≈~~~§P## #..P≈≈≈~. PP.PP~P♣~♣.#
.~~≈≈≈~ .#.~~.~P.§~# .~≈≈≈~P
########.## ..~~≈≈. #o# .~~~≈≈P
.o. .o.. ...# ##...


You could see 3 orc wizards.

Vanquished Creatures
  Jessica (D:2)
  Ijyb (D:3)
  3 adders
  3 gnolls (D:4)
  4 worms
  An orc (D:3)
  6 bats
  2 endoplasms (D:1)
  5 goblins
  5 hobgoblins
  12 kobolds
  2 quokkas
  5 ball pythons
  5 frilled lizards
  8 rats
63 creatures vanquished.

Notes
Turn   | Place    | Note
-------+----------+-------------------------------------------
     0 | D:1      | jasper the Deep Elf Conjurer began the quest for the Orb.
     0 | D:1      | Reached XP level 1. HP: 10/10 MP: 6/6
   454 | D:1      | Reached XP level 2. HP: 15/15 MP: 5/8
   459 | D:1      | Learned a level 2 spell: Searing Ray
   557 | D:1      | Reached skill level 5 in Conjurations
   887 | D:2      | Noticed Jessica
   889 | D:2      | Killed Jessica
   890 | D:2      | Reached XP level 3. HP: 19/19 MP: 6/9
   995 | D:2      | Learned a level 3 spell: Stone Arrow
  1256 | D:2      | Reached skill level 6 in Conjurations
  1256 | D:2      | Reached skill level 1 in Earth Magic
  1256 | D:2      | Reached XP level 4. HP: 24/24 MP: 4/10
  1835 | D:2      | Found a faded altar of an unknown god.
  2023 | D:2      | Found a runed translucent door.
  2024 | D:2      | Noticed Crazy Yiuf
  2476 | D:3      | Noticed Ijyb
  2482 | D:3      | Killed Ijyb
  3007 | D:3      | Reached XP level 5. HP: 28/28 MP: 9/11
  3012 | D:3      | Learned a level 4 spell: Fulminant Prism
  3922 | D:4      | Engulfed by an orc wizard's steam

Illustrated notes

Levels and vault maps discovered:
D:1:      giann_horns, layout_basic
D:2:      wad_river_or_something, layout_basic,
          shapermc_ecumenical_altar_pompeii, hex_tiny, lexackson_kobold_supper,
          uniq_jessica, uniq_crazy_yiuf_cottage
D:3:      mumra_celtic_spiral_tile, layout_loops_ring, serial_rivers,
          chequers_serial_rivers_room_b, chequers_serial_rivers_large_a,
          chequers_serial_rivers_micro_e, chequers_serial_rivers_micro_b,
          chequers_serial_rivers_micro_c, chequers_serial_rivers_large_b,
          minmay_distorted, uniq_ijyb
D:4:      layout_loops_ring, serial_bayou_lagoon_a, chequers_big_river,
          uniq_eustachio, uniq_sigmund

Skill      XL: |  1  2  3  4 |
---------------+-------------+-----
Conjurations   | 5 6 |  6.6
Earth Magic    | 1 2 |  2.7
Dodging        | |  2.4
Stealth        | |  2.4
Spellcasting   | |  3.0

Action                     |  1- 3 |  4- 6 || total
---------------------------+-------+-------++-------
  Melee: Spear             |     5 |     7 ||    12
   Cast: Magic Dart        |    51 |    29 ||    80
         Searing Ray       |     1 |     6 ||     7
         Stone Arrow       |       |    16 ||    16
    Use: Scroll            |       |     7 ||     7
         Potion            |       |     1 ||     1
 Armour: Robe              |     1 |     2 ||     3
  Dodge: Dodged            |    10 |    17 ||    27

Table legend: (Time is in decaauts)
 A = Elapsed time spent in this place.
 B = Non-inter-level travel time spent in this place.
 C = Inter-level travel time spent in this place.
 D = Time resting spent in this place.
 E = Time spent auto-exploring this place.
 F = Levels seen in this place.
 G = Mean time per level.
                   A        B        C        D        E       F      G
               +--------+--------+--------+--------+--------+-----+--------+
         Total |   3979 |   3894 |     85 |    280 |   3265 |   4 |  994.8 |
       Dungeon |   3979 |   3894 |     85 |    280 |   3265 |   4 |  994.8 |
               +--------+--------+--------+--------+--------+-----+--------+

Top non-repeatable levels by time:
     D:3: 1575 daAuts
     D:2: 1300 daAuts
     D:1: 878 daAuts
     D:4: 224 daAuts
